 Dungeon Crawl Stone Soup version 0.19-a0-929-g333bac9 (webtiles) character file.

60 Arkorax the Insei (level 4, 0/23 HPs)
             Began as a Vine Stalker Monk on July 7, 2016.
             Slain by an adder (1 damage)
             ... on level 3 of the Dungeon.
             The game lasted 00:01:33 (1444 turns).

Arkorax the Insei (Vine Stalker Monk)               Turns: 1444, Time: 00:01:34

Health: 0/23       AC:  2    Str: 13 (14) XL:     4   Next: 4%
Magic:  0/5        EV: 13    Int: 14 (15) God:
Gold:   117        SH:  0    Dex: 16 (17) Spells: 0 memorised, 3 levels left

rFire  . . .     SeeInvis .       - Unarmed
rCold  . . .     Gourm    .     a - +0 robe
rNeg   . . .     Faith    .     (no shield)
rPois  .         Spirit   +     (no helmet)
rElec  .         Dismiss  .     (no cloak)
rCorr  .         Reflect  .     (no gloves)
SustAt .         Harm     .     (no boots)
MR     .....                    (no amulet)
Stlth  ++........               (no ring)
                                (no ring)

@: brilliant, flying, not resistant to hostile enchantments, unstealthy
A: fangs 2, regeneration 1, magic shield, antimagic bite, no device heal 3, rot
immunity
a: no special abilities


You were on level 3 of the Dungeon.
You were not hungry.

You visited 1 branch of the dungeon, and saw 3 of its levels.

You collected 117 gold pieces.

Inventory:

Armour
 a - a +0 robe (worn)
Jewellery
 m - an uncursed ring of ice {unknown}
Scrolls
 d - a scroll of enchant weapon {unknown}
 h - a scroll of immolation {unknown}
 i - 2 scrolls of remove curse {unknown}
 j - a scroll of fog {unknown}
 k - a scroll of noise {unknown}
 l - a scroll of teleportation {unknown}
Potions
 p - a potion of lignification {unknown}
Comestibles
 b - 3 bread rations


   Skills:
 - Level 2.8 Fighting
 - Level 2.4 Dodging
 - Level 2.4 Stealth
 * Level 4.6 Unarmed Combat


You had 3 spell levels left.
You didn't know any spells.

Dungeon Overview and Level Annotations

Branches:
Dungeon (3/15)

Altars:


Innate Abilities, Weirdness & Mutations

You have extremely sharp teeth.
Your natural rate of healing is unusually fast.
When hurt, damage is shared between your health and your magic reserves.
Your bite disrupts and absorbs the magic of your enemies.
Potions and wands cannot restore your health.
You are immune to rotting.


Message History

You hit the adder.
The adder is heavily wounded.
The adder closely misses you.
Unknown command.
You miss the adder. Your bite misses the adder.
The adder is heavily wounded.
The adder bites you.
* * * LOW HITPOINT WARNING * * *
Unknown command.
You hit the adder.
The adder is heavily wounded.
The adder bites you.
* * * LOW HITPOINT WARNING * * *
You are more poisoned.
The adder poisons you!
Unknown command.
Unknown command.
Your system partially rejects the healing.
You feel better. The adder bites you.
You die...

### ..$ ########..
##........# .........#
#.... ..# ... #(# ###
..#.##.##.#####S##
#...........gS.#@##
....##.##.###.###.######
# #. #.(..## ##...†.#
.....###.###.####.# .#
##.#### ##.#.## #.# #.#
#. ##..# #.# #.# #. ##.#
#.###.### #. #.#
#.#.....# #.# #>#.....#


You could see an adder.

Vanquished Creatures
  2 adders (D:3)
  An ooze (D:1)
  2 dart slugs
  2 giant cockroaches
  3 goblins
  2 hobgoblins (D:1)
  3 jackals (D:1)
  6 kobolds
  A quokka (D:3)
  4 bats
  3 giant newts
  4 rats (D:1)
33 creatures vanquished.

Notes
Turn   | Place    | Note
-------+----------+-------------------------------------------
     0 | D:1      | Arkorax the Vine Stalker Monk began the quest for the Orb.
     0 | D:1      | Reached XP level 1. HP: 11/11 MP: 2/2
   163 | D:1      | Reached XP level 2. HP: 16/16 MP: 3/3
   487 | D:1      | Reached XP level 3. HP: 19/19 MP: 2/4
   488 | D:1      | Reached skill level 4 in Unarmed Combat
  1275 | D:3      | Reached XP level 4. HP: 10/23 MP: 3/5
  1442 | D:3      | HP: 1/23 [adder (2)]
  1444 | D:3      | Slain by an adder

Vault maps used:
D:1:      evilmike_arrival_crescent
D:2:      nicolae_overflow_hidden_temple
D:3:      uniq_iyjb

Skill      XL: |  1  2  3 |
---------------+----------+-----
Unarmed Combat | 4 |  4.6
Fighting       | |  2.8
Dodging        | |  2.4
Stealth        | |  2.4

Action                   |  1- 3 |  4- 6 || total
-------------------------+-------+-------++-------
Melee: Unarmed           |    80 |    19 ||    99
       Bite              |    15 |     2 ||    17
       Punch             |     1 |       ||     1
  Use: Potion            |       |     8 ||     8
 Stab: Sleeping          |     9 |     1 ||    10
  Eat: Chunk             |     1 |     1 ||     2
Armor: Robe              |    10 |    12 ||    22
Dodge: Dodged            |    39 |    32 ||    71
